 Dungeon Crawl Stone Soup version 0.29-a0-338-g1ff7896281 (webtiles) character file.

Game seed: 15470468452583414184

299 greenreed the Vexing (level 6, -2/47 HPs)
             Began as a Gnoll Arcane Marksman on Apr 17, 2022.
             Slain by a hound (5 damage)
             ... on level 4 of the Dungeon.
             The game lasted 00:13:05 (4439 turns).

greenreed the Vexing (Gnoll Arcane Marksman)        Turns: 4439, Time: 00:13:06

Health: -2/47      AC:  2    Str: 12    XL:     6   Next: 36%
Magic:  11/11      EV: 13    Int: 12    God:
Gold:   158        SH:  0    Dex: 12    Spells: 5/11 levels left

rFire   . . .      SeeInvis .   k - +0 hand axe (elec)
rCold   . . .      Faith    .   (no shield)
rNeg    . . .      Spirit   .   b - +0 robe
rPois   .          Reflect  .   (no helmet)
rElec   .          Harm     .   (no cloak)
rCorr   .          Rampage  .   (no gloves)
Will    .....                   (no boots)
Stlth   ++........              (no amulet)
HPRegen 0.15/turn               (no ring)
MPRegen 0.12/turn               (no ring)

@: no status effects
A: fangs 1, strong nose, distributed training
a: no special abilities


You were on level 4 of the Dungeon.
You visited 1 branch of the dungeon, and saw 4 of its levels.

You collected 158 gold pieces.

Inventory:

Hand Weapons
 a - a +0 shortbow
 k - a +0 hand axe of electrocution (weapon)
Armour
 b - a +0 robe (worn)
 j - an orb of guile
 l - a +0 pair of gloves
 s - the +2 leather armour "Zeoredghoe" {*Slow Str+2 Int+3 SInv}
   (You found it on level 3 of the Dungeon)

   Str:       It affects your strength (+2).
   Int:       It affects your intelligence (+3).
   SInv:      It lets you see invisible.
   *Slow:     It may slow you when you take damage.
Jewellery
 f - a +6 ring of strength
Wands
 x - a wand of iceblast (6)
Scrolls
 c - 2 scrolls of vulnerability
 e - 2 scrolls of teleportation {unknown}
 g - a scroll of holy word {unknown}
 h - a scroll of blinking {unknown}
 n - a scroll of enchant armour {unknown}
 r - a scroll of summoning {unknown}
 t - 3 scrolls of identify {unknown}
 u - a scroll of brand weapon {unknown}
 v - 2 scrolls of magic mapping {unknown}
 w - a scroll of torment {unknown}
 y - a scroll of amnesia {unknown}
Potions
 d - a potion of ambrosia {unknown}
 i - 2 potions of haste {unknown}
 m - a potion of lignification {unknown}
 o - 2 potions of degeneration {unknown}
 p - 2 potions of curing {unknown}
 q - a potion of berserk rage {unknown}


   Skills:
 + Level 3.2 Fighting
 + Level 1.9 Short Blades
 + Level 1.9 Long Blades
 + Level 1.9 Axes
 + Level 1.9 Maces & Flails
 + Level 1.9 Polearms
 + Level 1.9 Staves
 + Level 1.9 Slings
 + Level 5.0 Bows
 + Level 1.9 Crossbows
 + Level 1.9 Throwing
 + Level 1.9 Armour
 + Level 5.0 Dodging
 + Level 1.9 Stealth
 + Level 1.9 Shields
 + Level 1.9 Unarmed Combat
 + Level 3.4 Spellcasting
 + Level 1.5 Conjurations
 + Level 5.6 Hexes
 + Level 1.5 Summonings
 + Level 1.5 Necromancy
 + Level 1.5 Translocations
 + Level 1.5 Transmutations
 + Level 1.5 Fire Magic
 + Level 1.5 Ice Magic
 + Level 1.5 Air Magic
 + Level 1.5 Earth Magic
 + Level 1.5 Poison Magic
 + Level 2.1 Invocations
 + Level 1.9 Evocations


You had 5 spell levels left.
You knew the following spells:

 Your Spells              Type           Power      Damage    Failure   Level
a - Slow                  Hex            60%        N/A       2%          1
b - Foxfire               Conj/Fire      20%        2x1d5     13%         1
c - Magic Dart            Conj           20%        1d4       13%         1
d - Dazzling Flash        Conj/Hex       20%        N/A       16%         3

Your spell library contained the following spells:

 Spells                   Type           Power      Damage    Failure   Level
 Inner Flame              Hex/Fire       10%        N/A       16%         3
 Portal Projectile        Hex/Tloc       20%        N/A       16%         3
 Call Imp                 Summ           5%         N/A       19%         2
 Cause Fear               Hex            7%         N/A       22%         4
 Conjure Flame            Conj/Fire      5%         6-21      36%         3
 Mephitic Cloud           Conj/Pois/Air  5%         N/A       36%         3
 Flame Wave               Conj/Fire      5%         2d5       77%         4
 Summon Forest            Summ/Tloc      2%         N/A       98%         5


Dungeon Overview and Level Annotations

Branches:
Dungeon (4/15)
 Temple: D:4-7

Altars:


Innate Abilities, Weirdness & Mutations

You have very sharp teeth.
Your uncanny sense of smell can sniff out nearby items.
Your experience applies equally to all skills.


Message History

You shoot an arrow. The orc shouts!
The arrow hits the kobold but does no damage.
The kobold shouts!
You hear a shout! x2
A hound comes into view.
The hound barks!
You shoot an arrow. The arrow hits the kobold.
You kill the kobold!
You shoot an arrow. The arrow hits the orc.
The orc is heavily wounded.
A kobold comes into view. It is wielding a +0 dagger.
You shoot an arrow. The arrow closely misses the orc.
You hear the crackle of electricity.
k - a +0 hand axe of electrocution (weapon)
You barely miss the hound. You hit the orc.
You kill the orc!
The hound bites you. The hound completely misses you.
You hit the hound but do no damage. You barely miss the orc.
The hound misses you.
The orc hits you with a +2 vampiric hand axe.
The hound bites you.
You barely miss the hound. You hit the orc. You closely miss the orc.
The hound barely misses you. The orc closely misses you.
The orc hits you with a +2 vampiric hand axe.
You closely miss the hound. You closely miss the orc. You hit the orc.
The hound bites you but does no damage. x2; The orc hits you with a +0 whip.
The orc hits you with a +2 vampiric hand axe.
You closely miss the hound. You closely miss the orc. You barely miss the orc.
The hound barely misses you. The orc closely misses you.
The orc hits you with a +0 whip. The hound misses you.
You barely miss the hound. You barely miss the orc.
You hit the orc but do no damage. The hound bites you.
* * * LOW HITPOINT WARNING * * *
The orc hits you with a +0 whip.
* * * LOW HITPOINT WARNING * * *
The orc hits you with a +2 vampiric hand axe.
* * * LOW HITPOINT WARNING * * *
The orc draws strength from your wounds!
The hound bites you.
You die...

##...
#.......#
#....
#.......#
......
#.......###
#.....
#.)[......
#....##
#........
......
#..)....# ∆
#..#
#....ooK#
#...
#...h@#
........
........#
.####.#.
.##.....#
#.#.
#.....# #
#. #######
#> #. #.


You could see a hound, 2 orcs and a kobold.

Vanquished Creatures
  Jessica (D:2)
  2 orc wizards (D:2)
  An iguana (D:4)
  Robin (D:3)
  5 gnolls
  2 adders
  3 worms
  4 dart slugs
  3 orcs
  6 ball pythons
  7 endoplasms
  A giant cockroach (D:1)
  11 goblins
  14 hobgoblins
  2 jackals (D:2)
  4 kobolds
  6 quokkas
  2 bats
  A frilled lizard (D:2)
  7 rats
83 creatures vanquished.

Vanquished Creatures (others)
  An orc wizard (D:2)
  31 foxfires
32 creatures vanquished.

Grand Total: 115 creatures vanquished

Notes
Turn   | Place    | Note
-------+----------+-------------------------------------------
     0 | D:1      | greenreed the Gnoll Arcane Marksman began the quest for the
                  | Orb.
     0 | D:1      | Reached XP level 1. HP: 17/17 MP: 4/4
    78 | D:1      | Reached XP level 2. HP: 23/23 MP: 5/5
   498 | D:1      | Found a faded altar of an unknown god.
   581 | D:1      | Reached XP level 3. HP: 28/28 MP: 7/7
  1160 | D:2      | Reached skill level 1 in Invocations
  1303 | D:2      | Reached skill level 1 in Short Blades
  1303 | D:2      | Reached skill level 1 in Long Blades
  1303 | D:2      | Reached skill level 1 in Axes
  1303 | D:2      | Reached skill level 1 in Maces & Flails
  1303 | D:2      | Reached skill level 1 in Polearms
  1303 | D:2      | Reached skill level 1 in Staves
  1303 | D:2      | Reached skill level 1 in Slings
  1303 | D:2      | Reached skill level 1 in Crossbows
  1303 | D:2      | Reached skill level 1 in Throwing
  1303 | D:2      | Reached skill level 1 in Armour
  1303 | D:2      | Reached skill level 1 in Stealth
  1303 | D:2      | Reached skill level 1 in Shields
  1303 | D:2      | Reached skill level 1 in Unarmed Combat
  1303 | D:2      | Reached skill level 1 in Evocations
  1312 | D:2      | Reached XP level 4. HP: 22/34 MP: 6/8
  1480 | D:2      | Learned a level 1 spell: Foxfire
  1482 | D:2      | Learned a level 1 spell: Magic Dart
  1530 | D:2      | Reached skill level 1 in Conjurations
  1530 | D:2      | Reached skill level 1 in Summonings
  1530 | D:2      | Reached skill level 1 in Necromancy
  1530 | D:2      | Reached skill level 1 in Translocations
  1530 | D:2      | Reached skill level 1 in Transmutations
  1530 | D:2      | Reached skill level 1 in Fire Magic
  1530 | D:2      | Reached skill level 1 in Ice Magic
  1530 | D:2      | Reached skill level 1 in Air Magic
  1530 | D:2      | Reached skill level 1 in Earth Magic
  1530 | D:2      | Reached skill level 1 in Poison Magic
  1926 | D:2      | HP: 1/34 [something (3)]
  1928 | D:2      | Reached XP level 5. HP: 1/40 MP: 9/9
  2572 | D:2      | Noticed Jessica
  2580 | D:2      | Killed Jessica
  2946 | D:2      | Got Cicrax's Handbook of Translocation and Bewitchment
  2951 | D:2      | Learned a level 3 spell: Dazzling Flash
  3386 | D:3      | Identified the +2 leather armour "Zeoredghoe" {*Slow Str+2
                  | Int+3 SInv}
  3478 | D:3      | Noticed Robin
  3625 | D:3      | Reached XP level 6. HP: 47/47 MP: 10/10
  3965 | D:3      | Killed Robin
  4149 | D:4      | Reached skill level 5 in Bows
  4149 | D:4      | Reached skill level 5 in Dodging
  4354 | D:4      | Noticed a black bear
  4439 | D:4      | Slain by a hound

Illustrated notes

Levels and vault maps discovered:
D:1:      roderic_crossed_star, layout_basic, dilly_ecumenical_altar_fadedgnrine
D:2:      minmay_evil_eye, layout_basic, kennysheep_jessica_study
D:3:      layout_basic, uniq_robin
D:4:      layout_loops_ring, zin_purify, skrybe_limestone_x

Skill      XL: |  1  2  3  4  5  6 |
---------------+-------------------+-----
Invocations    | 1 2 |  2.1
Short Blades   | 1 |  1.9
Long Blades    | 1 |  1.9
Axes           | 1 |  1.9
Maces & Flails | 1 |  1.9
Polearms       | 1 |  1.9
Staves         | 1 |  1.9
Slings         | 1 |  1.9
Crossbows      | 1 |  1.9
Throwing       | 1 |  1.9
Armour         | 1 |  1.9
Stealth        | 1 |  1.9
Shields        | 1 |  1.9
Unarmed Combat | 1 |  1.9
Evocations     | 1 |  1.9
Spellcasting   | 3 |  3.4
Conjurations   | 1 |  1.5
Summonings     | 1 |  1.5
Necromancy     | 1 |  1.5
Translocations | 1 |  1.5
Transmutations | 1 |  1.5
Fire Magic     | 1 |  1.5
Ice Magic      | 1 |  1.5
Air Magic      | 1 |  1.5
Earth Magic    | 1 |  1.5
Poison Magic   | 1 |  1.5
Fighting       | 3 |  3.2
Bows           | 5 |  5.0
Dodging        | 5 |  5.0
Hexes          | |  5.6

Action                   |  1- 3 |  4- 6 || total
-------------------------+-------+-------++-------
Melee: Hand axe          |       |    39 ||    39
       Punch             |       |     1 ||     1
       Bite              |       |     1 ||     1
 Fire: Shortbow          |   103 |   127 ||   230
 Cast: Slow              |     5 |    16 ||    21
       Foxfire           |       |    18 ||    18
  Use: Potion            |       |     1 ||     1
Armor: Robe              |     2 |    13 ||    15
Dodge: Dodged            |    29 |    75 ||   104

Table legend: (Time is in decaauts)
 A = Elapsed time spent in this place.
 B = Non-inter-level travel time spent in this place.
 C = Inter-level travel time spent in this place.
 D = Time resting spent in this place.
 E = Time spent auto-exploring this place.
 F = Levels seen in this place.
 G = Mean time per level.
                   A        B        C        D        E       F      G
               +--------+--------+--------+--------+--------+-----+--------+
         Total |   4512 |   4390 |    122 |    615 |   2935 |   4 | 1128.0 |
       Dungeon |   4512 |   4390 |    122 |    615 |   2935 |   4 | 1128.0 |
               +--------+--------+--------+--------+--------+-----+--------+

Top non-repeatable levels by time:
     D:2: 1752 daAuts
     D:1: 1673 daAuts
     D:3: 949 daAuts
     D:4: 136 daAuts
